 Dungeon Sprint DCSS version 0.26-a0-651-gb41185065b (webtiles) character file.

Game seed: 3206428161022189417

555 sahdkjhfkaj the Arsonist (level 7, -23/41 HPs)
             Began as an Octopode Fire Elementalist on Sept 29, 2020.
             Was a High Priest of Sif Muna.
             Annihilated by a shadow wraith (24 damage)
             ... in the Dungeon (Sprint VII: "The Pits").
             The game lasted 00:05:25 (1715 turns).

sahdkjhfkaj the Arsonist (OpFE)                     Turns: 1715, Time: 00:05:26

Health: -23/41     AC:  1    Str:  7    XL:     7   Next: 30%
Magic:  12/16      EV: 13    Int: 19    God:    Sif Muna [*****.]
Gold:   0          SH:  0    Dex: 13    Spells: 4/19 levels left

rFire    . . .     SeeInvis .   m - +0 long sword (flame)
rCold    . . .     Faith    .   (no shield)
rNeg     . . .     Spirit   .   (helmet restricted)
rPois    .         Reflect  .   (no amulet)
rElec    .         Harm     .   (no ring)
rCorr    .         Rampage  .   (no ring)
MR       .....     NoTele   +   (no ring)
Stlth    +++.......             (no ring)
HPRegen  0.13/turn              (no ring)
MPRegen  0.15/turn              (no ring)
                                (no ring)
                                (no ring)

@: slowed, very slow
A: almost no armour, stealthy swim, amphibious, 8 rings, constrict 8, camouflage
1, gelatinous body 1
a: Channel Magic, Forget Spell, Divine Exegesis, Renounce Religion


You were in the Dungeon.
You worshipped Sif Muna.
Sif Muna was extremely pleased with you.
You visited 1 branch

Inventory:

Hand Weapons
 m - a +0 long sword of flaming (weapon)
Scrolls
 g - a scroll of blinking
 h - 3 scrolls of remove curse
 i - 5 scrolls of amnesia
 k - 2 scrolls of vulnerability
Potions
 a - 2 potions of invisibility
 b - 5 potions of curing
 c - 2 potions of heal wounds
 d - a potion of haste
 e - 4 potions of magic
 f - 3 potions of berserk rage


   Skills:
 - Level 2.0 Dodging
 - Level 2.6 Stealth
 + Level 6.5 Spellcasting
 * Level 9.7 Conjurations
 * Level 10.1 Fire Magic


You had 4 spell levels left.
You knew the following spells:

 Your Spells              Type           Power        Failure   Level
a - Foxfire               Conj/Fire      ####         1%          1
b - Blink                 Tloc           N/A          16%         2
c - Conjure Flame         Conj/Fire      #####...     1%          3
f - Fireball              Conj/Fire      #####.....   4%          5
s - Sticky Flame          Conj/Fire      #####...     1%          4

Your spell library contained the following spells:

 Spells                   Type           Power        Failure   Level
 Inner Flame              Hex/Fire       ####....     4%          3
 Fulminant Prism          Conj/Hex       ###.......   14%         4
 Starburst                Conj/Fire      #####.....   26%         6
 Lightning Bolt           Conj/Air       ###.......   36%         5
 Summon Forest            Summ/Tloc      #.........   96%         5
 Fire Storm               Conj/Fire      #####.....   100%        9


Dungeon Overview and Level Annotations

Branches:
Dungeon (1/1)

Altars:
Ashenzari
Cheibriados
Dithmenos
Elyvilon
Fedhas
Gozag
Hepliaklqana
Kikubaaqudgha
Makhleb
Nemelex Xobeh
Okawaru
Qazlal
Ru
Sif Muna
Trog
Uskayaw
Vehumet
Wu Jian
Xom
Yredelemnul
Zin
The Shining One
Beogh
Jiyva
Lugonu


Innate Abilities, Weirdness & Mutations

You cannot wear most types of armour.
You are very stealthy in the water. (Stealth+)
You are amphibious.
You can wear up to eight rings at the same time.
You can use your tentacles to constrict eight enemies at once.
Your skin changes colour to match your surroundings (Stealth+).
Your rubbery body absorbs attacks. (AC +1, EV +1)


Message History

Here: a small abomination (summoned, friendly)
The floor.
You feel much better.
Your small abomination barely misses something.
Something hits you! Something drains your vigour!
You feel as though you will be slow longer.
Your small abomination hits something.
What are your orders? t - Shout!
Orders for allies: a - Attack new target. r - Retreat! s - Stop attacking. g - Guard the area. f - Follow me.
Anything else - Cancel.
Follow me!
Your small abomination hits something.
Something hits you!
* * * LOW HITPOINT WARNING * * *
Something drains your vigour!
You feel as though you will be slow longer.
Something hits you!!
Ouch! That really hurt!
You die...

##########.##)....
#...........'.....
#'#####'#####[....
#.#.†#).#..##.....
#.#..'..'..#####'#
#.##'####'###.....
#.#........##.....
#.#........##.....
#@#####'#####...<.
#.#..[)))..##.....
#x#..[)))..##.....
#†###########.....
#.......#..#######
#.###...#.######
#.#.....#.#....#
#.#...#.#§#....#
#.....#.#§§D...+


You could see a friendly small abomination (summoned).

Vanquished Creatures
  A porcupine (D)
  A water moccasin (D)
  An ice beast (D)
  A bullfrog (D)
  2 hounds (D)
  2 orc priests (D)
  An iguana (D)
  2 gnolls (D)
  A white imp (D)
  An ooze (D)
  2 worms (D)
  An orc (D)
  A bat skeleton (D)
  2 giant cockroaches (D)
  A goblin (D)
  3 jackals (D)
  A ball python (D)
  A frilled lizard (D)
  A quokka skeleton (D)
  A rat (D)
27 creatures vanquished.

Vanquished Creatures (others)
  49 foxfires (D)
49 creatures vanquished.

Grand Total: 76 creatures vanquished

Notes
Turn   | Place    | Note
-------+----------+-------------------------------------------
     0 | D        | sahdkjhfkaj the Octopode Fire Elementalist began the quest
                  | for the Orb.
     0 | D        | Reached XP level 1. HP: 11/11 MP: 3/3
    53 | D        | Found a bloodstained altar of Trog.
    53 | D        | Found a shimmering blue altar of Sif Muna.
    53 | D        | Found a viscous altar of Jiyva.
    53 | D        | Found a hazy altar of Hepliaklqana.
    53 | D        | Found an opulent altar of Gozag.
    54 | D        | Found a glowing golden altar of the Shining One.
    54 | D        | Found a glowing silver altar of Zin.
    54 | D        | Found a basalt altar of Yredelemnul.
    54 | D        | Found a shimmering altar of Xom.
    54 | D        | Found an ornate altar of the Wu Jian Council.
    54 | D        | Found a sacrificial altar of Ru.
    54 | D        | Found a stormy altar of Qazlal.
    54 | D        | Found an iron altar of Okawaru.
    54 | D        | Found a sparkling altar of Nemelex Xobeh.
    54 | D        | Found a burning altar of Makhleb.
    54 | D        | Found a blossoming altar of Fedhas.
    54 | D        | Found a white marble altar of Elyvilon.
    54 | D        | Found a shadowy altar of Dithmenos.
    54 | D        | Found a snail-covered altar of Cheibriados.
    55 | D        | Found a radiant altar of Vehumet.
    55 | D        | Found a corrupted altar of Lugonu.
    55 | D        | Found a roughly hewn altar of Beogh.
    56 | D        | Found a hide-covered altar of Uskayaw.
    56 | D        | Found an ancient bone altar of Kikubaaqudgha.
    56 | D        | Found a broken altar of Ashenzari.
    60 | D        | Became a worshipper of Sif Muna the Loreminder
   134 | D        | Reached XP level 2. HP: 4/17 MP: 3/5
   276 | D        | Reached * piety under Sif Muna
   276 | D        | Reached skill level 4 in Fire Magic
   409 | D        | Reached ** piety under Sif Muna
   467 | D        | Reached XP level 3. HP: 21/21 MP: 3/7
   517 | D        | Reached skill level 5 in Fire Magic
   522 | D        | Reached *** piety under Sif Muna
   610 | D        | Learned a level 3 spell: Conjure Flame
   615 | D        | Noticed a water moccasin
   644 | D        | Killed a water moccasin
   644 | D        | Reached skill level 7 in Fire Magic
   644 | D        | Reached XP level 4. HP: 21/27 MP: 0/10
   644 | D        | Reached XP level 5. HP: 24/31 MP: 0/11
   771 | D        | Learned a level 5 spell: Fireball
   842 | D        | Reached **** piety under Sif Muna
   966 | D        | Reached skill level 5 in Spellcasting
  1049 | D        | Reached skill level 8 in Fire Magic
  1049 | D        | Reached XP level 6. HP: 36/36 MP: 5/13
  1056 | D        | Learned a level 4 spell: Sticky Flame
  1255 | D        | Reached ***** piety under Sif Muna
  1255 | D        | Identified Sif Muna's Incunabulum of Warped Conjuration
                  | (Sif Muna gifted it to you in the Dungeon)
  1255 | D        | Received a gift from Sif Muna
  1255 | D        | Reached skill level 9 in Fire Magic
  1321 | D        | Learned a level 2 spell: Blink
  1390 | D        | Noticed an ice beast
  1390 | D        | Noticed a porcupine
  1489 | D        | Killed a porcupine
  1489 | D        | Reached XP level 7. HP: 41/41 MP: 4/16
  1597 | D        | Reached skill level 10 in Fire Magic
  1676 | D        | Noticed a steam dragon
  1680 | D        | HP: 1/41 [something] (7)]
  1715 | D        | HP: 1/41 [something (17)]
  1715 | D        | Annihilated by a shadow wraith

Illustrated notes

Levels and vault maps discovered:
D:        pitsprint [storerooms_1, entrance_room_1, metal_vault_2, armoury_3,
          mini_pit_1, grid_room_1, main_hall_1, silver_pit, the_coven_2,
          the_vestibule_1, steel_vault_2, golden_pit, hallway_of_sentries,
          crystal_vault_2, iron_vault_5, final_vault]

Skill      XL: |  1  2  3  4  5  6  7 |
---------------+----------------------+-----
Conjurations   | 2 3 6 7 9 |  9.7
Fire Magic     | 4 7 8 9 10 | 10.1
Spellcasting   | 3 4 5 6 |  6.5
Dodging        | |  2.0
Stealth        | |  2.6

Action                   |  1- 3 |  4- 6 |  7- 9 || total
-------------------------+-------+-------+-------++-------
Melee: Constrict         |     4 |     4 |       ||     8
       Tentacles         |     1 |     1 |       ||     2
       Falchion          |     1 |       |       ||     1
       Long sword        |       |     3 |       ||     3
 Cast: Foxfire           |    26 |     9 |       ||    35
       Conjure Flame     |     1 |     3 |       ||     4
       Fireball          |       |    10 |     3 ||    13
       Sticky Flame      |       |     3 |     1 ||     4
  Use: Potion            |     1 |       |     4 ||     5
       Scroll            |       |       |     1 ||     1
Armor: Skin              |     2 |       |     1 ||     3
Dodge: Dodged            |    20 |     9 |     4 ||    33
       Rpst.: Falchion   |     3 |       |       ||     3
       Long sword        |     5 |     2 |     3 ||    10

Table legend: (Time is in decaauts)
 A = Elapsed time spent in this place.
 B = Non-inter-level travel time spent in this place.
 C = Inter-level travel time spent in this place.
 D = Time resting spent in this place.
 E = Time spent auto-exploring this place.
 F = Levels seen in this place.
 G = Mean time per level.
                   A        B        C        D        E       F      G
               +--------+--------+--------+--------+--------+-----+--------+
         Total |   1716 |   1701 |     15 |    933 |      0 |   1 | 1716.0 |
       Dungeon |   1716 |   1701 |     15 |    933 |      0 |   1 | 1716.0 |
               +--------+--------+--------+--------+--------+-----+--------+

Top non-repeatable levels by time:
       D: 1716 daAuts
